AoeStats
← dashygo

Fortress

508816601Analyzed
2v2 RM · 7d ago on Sep 24, 2026· 44m 37s· 4 players
Game mode
Random Map
Map size
Normal (6 player)
Population
200
Speed
Normal
Resources
Standard
Victory
Conquest
Starting age
Dark Age
Ending age
Imperial Age
RankedLock teamsTeams togetherTeam positionsShared explorationLock speedFull tech treeHidden civsTurbo modeCheats
Victory
Defeat
🇹🇼 Italians · Taiwan
952
+14
🇹🇼 Poles · Taiwan
950
+14
🇲🇽 Spanish · Mexico
916
-14
🇲🇽 Romans · Mexico
908
-14
dashygo
9:33 Feudal Age
10:29 Loom
13:23 Castle Age
12:21 Horse Collar
12:27 Double-Bit Axe
14:12 Loom
15:04 Heavy Plow
15:51 Wheelbarrow
20:55 Bloodlines
27:23 Szlachta Privileges
27:56 Husbandry
29:22 Gold Mining
29:24 Stone Mining
29:58 Scale Barding Armor
30:04 Forging
31:38 Chain Barding Armor
31:43 Hand Cart
31:16 Town Watch
31:52 Bow Saw
33:48 Iron Casting
36:18 Imperial Age
35:50 Scale Mail Armor
36:47 Chain Mail Armor
38:14 Blast Furnace
36:47 Cavalier
36:48 Light Cavalry
37:55 Conscription
36:57 Elite Obuch
37:59 Lechitic Legacy
38:54 Town Patrol
38:59 Caravan
38:39 Winged Hussar
41:48 Plate Mail Armor
身上必須帶刺
7:23 Feudal Age
9:06 Loom
9:15 Double-Bit Axe
11:40 Castle Age
11:19 Wheelbarrow
17:14 Imperial Age
16:28 Bow Saw
16:54 Horse Collar
18:50 Fletching
19:01 Padded Archer Armor
20:47 Two-Man Saw
22:51 Heavy Plow
24:57 Bodkin Arrow
25:24 Gold Mining
28:12 Bracer
30:14 Leather Archer Armor
30:21 Conscription
30:52 Crop Rotation
31:27 Ballistics
31:03 Elite Genoese Crossbowman
34:05 Chemistry
34:41 Silk Road
37:41 Masonry
38:19 Hand Cart
41:15 Town Watch
42:04 Ring Archer Armor
43:27 Thumb Ring
adanvictorl
2:59 Loom
8:56 Feudal Age
9:27 Double-Bit Axe
9:24 Horse Collar
15:02 Castle Age
13:59 Gold Mining
15:20 Stone Mining
16:23 Heavy Plow
26:07 Imperial Age
24:19 Man-at-Arms
24:44 Gambesons
29:15 Chemistry
31:06 Wheelbarrow
31:07 Fortified Wall
40:15 Bow Saw
40:46 Supremacy
guerrerotezonca
0:29 Loom
7:20 Feudal Age
12:55 Castle Age
10:42 Double-Bit Axe
10:31 Man-at-Arms
12:02 Forging
11:53 Scale Mail Armor
12:24 Gold Mining
12:34 Horse Collar
20:01 Stone Mining
22:25 Gold Shaft Mining
24:51 Heavy Plow
25:38 Bow Saw
28:24 Wheelbarrow
29:19 Scale Barding Armor
32:09 Hand Cart
31:45 Pikeman
31:49 Long Swordsman
35:43 Imperial Age
36:37 Chain Barding Armor
36:52 Iron Casting
36:34 Chain Mail Armor
36:50 Conscription
37:09 Coinage
38:07 Caravan
38:37 Banking
38:18 Guilds
38:16 Elite Centurion
39:44 Crop Rotation
39:21 Legionary
41:08 Plate Barding Armor
Connection lost

Rejoining the realm…

Still unreachable

The connection could not be restored.

Session expired

The server has moved on; the page needs a fresh start.